 Dungeon Crawl Stone Soup version 0.27.1-33-g824d729ab1 (webtiles) character file.

Game seed: 11525323879392524198

5139 jlumianski the Cleaver (level 10, 0/61 HPs)
             Began as a Gargoyle Monk on Dec 13, 2021.
             Was a Priest of Qazlal.
             Hit by a boomerang thrown by an orc warrior (12 damage)
             ... on level 8 of the Dungeon.
             The game lasted 00:39:35 (8219 turns).

jlumianski the Cleaver (Gargoyle Monk)              Turns: 8219, Time: 00:39:35

Health: 0/61       AC: 21    Str: 20    XL:     10   Next: 58%
Magic:  13/13      EV: 11    Int: 11    God:    Qazlal [***...]
Gold:   78         SH:  8    Dex: 12    Spells: 9/10 levels left

rFire    + + .     SeeInvis .   H - +4 broad axe (flame)
rCold    . . .     Faith    +   o - +0 buckler
rNeg     + . .     Spirit   .   u - +0 scale mail
rPois    ∞         Reflect  .   (helmet restricted)
rElec    +         Harm     .   E - +1 cloak "Isuoho Boije" {rElec rF++ rCorr Str+2}
rCorr    +         Rampage  ∞   (no gloves)
Will     +....                  K - +3 pair of seven-league boots {Rampage+∞}
Stlth    +.........             C - amulet of faith
HPRegen  0.20/turn              n - ring of willpower
MPRegen  0.13/turn              F - ring of wizardry

@: no status effects
A: sickness immunity, AC +7, negative energy resistance 1, electricity
resistance, torment resistance 1, petrification resistance, antennae 1
a: Renounce Religion, Upheaval, Elemental Force


You were on level 8 of the Dungeon.
You worshipped Qazlal.
Qazlal was most pleased with you.
You visited 2 branches of the dungeon, and saw 9 of its levels.

You collected 262 gold pieces.
You spent 184 gold pieces at shops.

Inventory:

Hand Weapons
 a - a +0 hand axe
 e - a +5 war axe
 h - a +1 war axe
 q - a +3 quarterstaff of chaos
 z - a +1 flail of draining
 H - a +4 broad axe of flaming (weapon)
 O - a +2 war axe of venom
Missiles
 c - 270 stones
 t - 34 bolts
 v - 29 poisoned darts (quivered)
 A - 5 javelins
Armour
 b - a +0 robe
 f - a +0 chain mail
 g - a +1 leather armour
 l - a +1 helmet
 o - a +0 buckler (worn)
 r - a +1 cloak
 u - a +0 scale mail (worn)
 w - a +0 chain mail
 E - the +1 cloak "Isuoho Boije" (worn) {rElec rF++ rCorr Str+2}
   (You acquired it on level 7 of the Dungeon)

   Str:       It affects your strength (+2).
   rF:        It greatly protects you from fire.
   rElec:     It insulates you from electricity.
   rCorr:     It protects you from acid and corrosion.
 K - the +3 pair of seven-league boots (worn) {Rampage+∞}
   (You acquired it on level 7 of the Dungeon)

   Its wearer moves as far as possible in that direction when moving towards
   enemies.
Jewellery
 i - an amulet of regeneration
 n - a ring of willpower (left hand)
 C - an amulet of faith (around neck)
 F - a ring of wizardry (right hand)
Wands
 y - a wand of paralysis (2)
 N - a wand of iceblast (5)
Scrolls
 j - 4 scrolls of amnesia
 m - 2 scrolls of immolation
 I - a scroll of enchant armour
 J - a scroll of fog
 M - a scroll of blinking
Potions
 d - a potion of mutation
 k - a potion of curing
 p - 2 potions of haste
 s - a potion of ambrosia
 x - a potion of heal wounds
 B - a potion of invisibility
 D - a potion of brilliance
 G - a potion of lignification {unknown}
 L - a potion of might {unknown}


   Skills:
 + Level 6.7 Fighting
 + Level 8.8 Axes
 + Level 2.0 Throwing
 + Level 5.9 Armour
 + Level 4.0 Dodging
 + Level 3.1 Stealth
 + Level 2.5 Shields
 + Level 0.6 Spellcasting
 + Level 0.3 Transmutations
 * Level 6.3 Poison Magic
 * Level 4.2 Invocations
 + Level 0.1 Evocations


You had 9 spell levels left.
You knew the following spells:

 Your Spells              Type           Power      Damage    Failure   Level
a - Sting                 Tmut/Pois      28%        1d4       11%         1

Your spell library contained the following spells:

 Spells                   Type           Power      Damage    Failure   Level
 Poisonous Vapours        Pois/Air       14%        N/A       17%         2
 Olgreb's Toxic Radiance  Pois           14%        N/A       32%         4
 Corona                   Hex            0%         N/A       38%         1
 Magic Dart               Conj           0%         1d3       38%         1
 Ensorcelled Hibernation  Hex/Ice        0%         N/A       52%         2
 Searing Ray              Conj           0%         3d3       52%         2
 Tukima's Dance           Hex            0%         N/A       75%         3
 Fulminant Prism          Conj/Hex       0%         3d6       98%         4
 Fireball                 Conj/Fire      0%         3d3       100%        5
 Iskenderun's Battlesphe  Conj           0%         2d6       100%        5
 Conjure Ball Lightning   Conj/Air       0%         3x3d6     100%        6
 Orb of Destruction       Conj           0%         N/A       100%        7


Dungeon Overview and Level Annotations

Branches:
Dungeon (8/15)             Temple (1/1) D:5
   Lair: D:8-11

Altars:
Cheibriados
Dithmenos
Elyvilon
Fedhas
Kikubaaqudgha
Makhleb
Nemelex Xobeh
Okawaru
Qazlal
Ru
Sif Muna
Trog
Uskayaw
Vehumet
Wu Jian
Xom
Yredelemnul
Zin
The Shining One

Shops:
D:1 [   D:6 (


Innate Abilities, Weirdness & Mutations

You are immune to sickness and miasma.
Your stone body is resilient. (AC +7)
You are immune to poison.
You resist negative energy. (rN+)
You are resistant to electric shocks. (rElec)
You are resistant to unholy torment.
You are immune to petrification.
You have a pair of small antennae on your head.


Message History

You hit the killer bee but do no damage.
The killer bee is almost dead.
The killer bee stings you but does no damage.
The warg stops to sniff the ground.
The orc warrior hits you from afar with a +1 vorpal glaive.
The killer bee barely misses you.
You slice the killer bee!! You burn the killer bee.
You kill the killer bee!
Qazlal accepts your kill.
The orc warrior throws a boomerang.
The boomerang hits you. The orc warrior barely misses you.
You slice the warg!! You burn the warg!
The warg is severely wounded.
The warg bites you but does no damage. x2
The orc warrior hits you from afar with a +1 vorpal glaive.
* * * LOW HITPOINT WARNING * * *
The warg closely misses you.
A magic dart appears from out of thin air!
The magic dart hits something.
The warg bites you but does no damage. The warg closely misses you.
The warg pauses to sniff the ground.
The warg closely misses you. The warg bites you but does no damage.
The warg barely misses you. The warg bites you!
* * * LOW HITPOINT WARNING * * *
Things that are here:
a +0 spear; a +0 scale mail The warg barely misses you.
You block the warg's attack. The warg closely misses you. The warg bites you!
* * * LOW HITPOINT WARNING * * *
The warg closely misses you. The warg bites you but does no damage.
The orc warrior throws a boomerang.
The boomerang hits you but does no damage.
The orc warrior throws a boomerang.
The boomerang hits you!
You die...

###.#########.##.# #..# #.#.
#.......# #.##.# #..# #.#.
#########.###h.#.########..###.#.
.......o.....o................>#.
#########.####.#.########........
#o####..°##########.##.#.
#........(......# #.##.#.
#######.h######.# #.####. #.@#
#.###.# #. ###############..#
#.....# #. #................##
####..# #.
#.##############..###### #..#####
#.# #...........# #....... #.#
#...........# ##.#..#. #.#
#...........# #.##...
#.################.##### #.##.#.
#.........# #####..#######....#.


You could see 2 wargs and an orc warrior.

Vanquished Creatures
  Pikel (D:7)
  Prince Ribbit (D:7)
  A steam dragon (D:8)
  9 yaks
  2 water moccasins
  An ice beast (D:3)
  A sky beast (D:7)
  2 necrophages
  2 black bears
  5 ogres
  3 centaurs
  2 lemures (D:7)
  A gnoll sergeant (D:8)
  2 scorpions
  A water moccasin zombie (D:5)
  2 wyvern skeletons
  6 killer bees (D:8)
  8 wights
  A bullfrog zombie (D:6)
  A lava snake (D:7)
  A jelly (D:8)
  A centaur zombie (D:7)
  2 hounds
  4 orc priests
  Crazy Yiuf (D:2)
  Jessica (D:3)
  An iguana (D:4)
  5 orc wizards
  A hound zombie (D:5)
  A mummy (D:7)
  5 gnolls (D:8)
  3 adders
  2 shadow imps
  2 white imps
  A worm (D:3)
  A dart slug (D:1)
  17 orcs
  7 endoplasms
  A giant cockroach (D:2)
  3 hobgoblins
  8 jackals
  9 kobolds
  3 quokkas (D:3)
  9 ball pythons
  12 bats
  4 frilled lizards
  3 goblins (D:1)
  A hobgoblin zombie (D:7)
  3 kobold zombies (D:7)
  3 rats
167 creatures vanquished.

Vanquished Creatures (others)
  A fungus (D:2)
  2 plants
3 creatures vanquished.

Grand Total: 170 creatures vanquished

Notes
Turn   | Place    | Note
-------+----------+-------------------------------------------
     0 | D:1      | jlumianski the Gargoyle Monk began the quest for the Orb.
     0 | D:1      | Reached XP level 1. HP: 14/14 MP: 1/1
   362 | D:1      | Reached XP level 2. HP: 19/19 MP: 2/2
   422 | D:1      | Found Gatel's Antique Armour Boutique.
   465 | D:1      | Reached skill level 3 in Axes
   503 | D:2      | Noticed an ogre
   648 | D:1      | Learned a level 1 spell: Sting
   769 | D:4      | Noticed an ogre
  1050 | D:1      | Reached XP level 3. HP: 24/24 MP: 3/3
  1311 | D:2      | Found a runed translucent door.
  1312 | D:2      | Noticed Crazy Yiuf
  1370 | D:2      | Found a radiant altar of Vehumet.
  1404 | D:2      | Killed an ogre
  1405 | D:2      | Reached skill level 1 in Armour
  1405 | D:2      | Reached XP level 4. HP: 29/29 MP: 4/4
  1405 | D:2      | Reached XP level 5. HP: 33/33 MP: 5/5
  1469 | D:2      | Reached skill level 4 in Axes
  1743 | D:2      | Killed Crazy Yiuf
  2048 | D:3      | Found a sacrificial altar of Ru.
  2048 | D:3      | Found a sparkling altar of Nemelex Xobeh.
  2168 | D:3      | Reached skill level 1 in Poison Magic
  2208 | D:4      | Reached XP level 6. HP: 22/38 MP: 6/6
  2293 | D:3      | Noticed an ice beast
  2315 | D:3      | Killed an ice beast
  2586 | D:3      | Noticed Jessica
  2600 | D:3      | Killed Jessica
  2749 | D:4      | Reached skill level 5 in Axes
  2749 | D:4      | Reached XP level 7. HP: 27/43 MP: 7/7
  2817 | D:3      | Reached skill level 1 in Throwing
  2982 | D:5      | Entered Level 5 of the Dungeon
  3465 | D:6      | Reached XP level 8. HP: 48/48 MP: 8/8
  3632 | D:6      | Reached skill level 6 in Axes
  3658 | D:6      | Reached skill level 1 in Shields
  3664 | D:6      | Reached skill level 5 in Fighting
  3723 | D:6      | Found a white marble altar of Elyvilon.
  4264 | D:5      | Reached XP level 9. HP: 54/54 MP: 7/9
  4790 | D:5      | Reached skill level 7 in Axes
  4813 | D:5      | Found a staircase to the Ecumenical Temple.
  4821 | Temple   | Entered the Ecumenical Temple
  4966 | Temple   | Became a worshipper of Qazlal Stormbringer
  4966 | Temple   | Reached * piety under Qazlal
  4966 | Temple   | Reached ** piety under Qazlal
  5429 | D:6      | Reached skill level 1 in Invocations
  5487 | D:6      | Found Gegir's Hydra Hut.
  5490 | D:6      | Noticed an eight-headed hydra
  5493 | D:6      | Bought a +1 broad axe of flaming for 184 gold pieces
  5587 | D:6      | Gained mutation: You have a pair of small antennae on your
                  | head. [potion of mutation]
  5644 | D:7      | Reached skill level 5 in Armour
  5678 | D:7      | Identified a scroll of acquirement
  5678 | D:7      | Acquired the +1 cloak "Isuoho Boije" {rElec rF++ rCorr
                  | Str+2}
  5886 | D:8      | Reached skill level 5 in Poison Magic
  6208 | D:7      | Noticed Pikel
  6278 | D:7      | Killed Pikel
  6605 | D:7      | Noticed Prince Ribbit
  6620 | D:7      | Killed Prince Ribbit
  6621 | D:7      | Reached XP level 10. HP: 20/60 MP: 12/12
  6640 | D:7      | Acquired the +3 pair of seven-league boots {Rampage+∞}
  6640 | D:7      | Found the +3 pair of seven-league boots {Rampage+∞}
  7029 | D:7      | Reached skill level 8 in Axes
  7902 | D:8      | Reached *** piety under Qazlal
  8219 | D:8      | Hit by a boomerang thrown by an orc warrior

Illustrated notes

Levels and vault maps discovered:
D:1:      minmay_arrival_shattered_statue, layout_rooms, serial_shops,
          nicolae_shop_behind_doors
D:2:      layout_rooms, basic_altar, kennysheep_generic_room_8,
          uniq_crazy_yiuf_cottage
D:3:      minmay_diamond_boxcup, layout_loops_cross, grunt_temple_overflow_open,
          uniq_jessica
D:4:      layout_basic
D:5:      layout_layer_cave, minmay_temple_entry_nine_rooms
D:6:      layout_basic, mainiacjoe_overflow_alcove_2, serial_corexii_hall,
          corexii_hall_statues_deadend, chequers_hall_statues_wall_a,
          minivault_25, doesnt_shop_hydraphobe
D:7:      layout_loops_ring, kennysheep_donut, minivault_1, minivault_19,
          serial_bayou_pond_d, hex_tiny, amcnicky_mini_corridor_feature,
          minmay_mini_ossuary, uniq_pikel, uniq_prince_ribbit1
D:8:      layout_basic, erik_lair_orcish_takeover,
          hangedman_abyss_or_decor_stabs
Temple:   nicolae_temple_elliptical

Skill      XL: |  1  2  3  4  5  6  7  8  9 10 |
---------------+-------------------------------+-----
Axes           | 3 4 5 6 7 8 |  8.8
Armour         | 1 2 3 4 5 |  5.9
Fighting       | 4 5 6 |  6.7
Poison Magic   | 1 2 3 4 5 6 |  6.3
Stealth        | 3 |  3.1
Dodging        | 3 4 |  4.0
Throwing       | 1 2 |  2.0
Shields        | 1 2 |  2.5
Invocations    | 3 4 |  4.2
Spellcasting   | |  0.6
Transmutations | |  0.3
Evocations     | |  0.1

Action                   |  1- 3 |  4- 6 |  7- 9 | 10-12 || total
-------------------------+-------+-------+-------+-------++-------
Melee: Hand axe          |    50 |       |       |       ||    50
       War axe           |    32 |   140 |   175 |       ||   347
       Broad axe         |       |       |    62 |   103 ||   165
Throw: Javelin           |     3 |     3 |     8 |       ||    14
       Dart              |       |     6 |     8 |     4 ||    18
 Cast: Sting             |       |     1 |     4 |       ||     5
Evoke: Wand              |       |       |     3 |       ||     3
  Use: Scroll            |     2 |     6 |     9 |     5 ||    22
       Potion            |     2 |       |     2 |     2 ||     6
 Stab: Sleeping          |     3 |     3 |       |       ||     6
Armor: Robe              |     8 |       |       |       ||     8
       Leather armour    |    39 |    31 |       |       ||    70
       Scale mail        |       |    46 |   131 |    53 ||   230
Dodge: Dodged            |    72 |    76 |   140 |    52 ||   340
Block: Buckler           |       |    13 |    59 |    38 ||   110
